 Dungeon Crawl Stone Soup version 0.31-a0-522-gc2a4ee3 (webtiles) character file.

Game seed: 12513241552400412004

888 Dorkslayer the Cudgeller (level 7, -2/68 (70) HPs)
             Began as a Troll Fighter on Aug 10, 2023.
             Succumbed to a scorpion's poison
             ... on level 5 of the Dungeon.
             The game lasted 00:09:17 (2345 turns).

Dorkslayer the Cudgeller (Troll Fighter)            Turns: 2345, Time: 00:09:17

HP:   -2/68 (70)    AC:  4    Str: 25    XL:     7   Next: 77%
MP:   6/6           EV:  9    Int:  4    God:
Gold: 211           SH:  8    Dex: 11    Spells: 6/6 levels left

rFire   . . .        a - +0 flail
rCold   . . .        c - +0 kite shield
rNeg    . . .        b - +0 robe
rPois   .            (helmet restricted)
rElec   .            (no cloak)
rCorr   +            (gloves unavailable)
SInv    +            (boots unavailable)
Will    .....        (no amulet)
Stlth   +            e - ring of see invisible
HPRegen 1.11/turn    j - ring of resist corrosion
MPRegen 0.10/turn

%: no passive effects
@: lethally poisoned (-2 -> -14), lightly drained
A: large, unfitting armour, claws 3, regeneration 1, shaggy fur 1, tough skin 1
a: no special abilities


You were on level 5 of the Dungeon.
You visited 1 branch of the dungeon, and saw 5 of its levels.

You collected 211 gold pieces.

Inventory:

Hand Weapons
 a - a +0 flail (weapon)
Missiles
 m - 2 javelins (quivered)
 u - 4 boomerangs
Armour
 b - a +0 robe (worn)
 c - a +0 kite shield (worn)
Jewellery
 e - a ring of see invisible (left claw)
 j - a ring of resist corrosion (right claw)
 k - a ring of positive energy
 o - a ring of protection from fire
Wands
 s - a wand of flame (18)
Scrolls
 f - a scroll of identify {unknown}
 h - 5 scrolls of revelation
 i - a scroll of vulnerability {unknown}
 l - a scroll of torment {unknown}
 n - a scroll of fear {unknown}
 p - 2 scrolls of blinking {unknown}
 t - a scroll of enchant weapon {unknown}
Potions
 q - a potion of cancellation {unknown}
 r - a potion of attraction {unknown}


   Skills:
 + Level 4.2 Fighting
 + Level 4.8 Maces & Flails
 + Level 4.3 Dodging
 + Level 0.2 Stealth
 + Level 4.0 Shields
 * Level 1.3 Evocations


You had 6 spell levels left.
You didn't know any spells.
Your spell library contained the following spells:

 Spells                   Type           Power      Damage    Failure   Level
 Ensorcelled Hibernation  Hex/Ice        0%         N/A       87%         2
 Lesser Beckoning         Tloc           0%         N/A       87%         2
 Dazzling Flash           Conj/Hex       0%         N/A       98%         3
 Gell's Gravitas          Tloc           0%         N/A       98%         3
 Teleport Other           Tloc           0%         N/A       98%         3
 Anguish                  Hex/Necr       0%         N/A       100%        4
 Agony                    Necr           0%         N/A       100%        5
 Silence                  Hex/Air        0%         N/A       100%        5
 Chain Lightning          Conj/Air       0%         N/A       100%        9
 Fire Storm               Conj/Fire      0%         5d1       100%        9
 Shatter                  Erth           0%         3d5*      100%        9


Dungeon Overview and Level Annotations

Branches:
Dungeon (5/15)
 Temple: D:4-7

Altars:


Innate Abilities, Weirdness & Mutations

You are too large for most types of armour.
You have claws for hands.
Your natural rate of healing is unusually fast.
You are covered in fur. (AC +1)
You have tough skin. (AC +1)


Message History

You barely miss the scorpion. The scorpion stings you.
You are poisoned.
The scorpion poisons you! The scorpion closely misses you.
You sock the scorpion!
The scorpion is moderately wounded.
You feel very sick. The scorpion barely misses you.
You barely miss the scorpion.
The scorpion is moderately wounded.
You feel sick. The scorpion stings you.
You are more poisoned.
The scorpion poisons you! The scorpion stings you.
You are more poisoned.
The scorpion poisons you!
You hit the scorpion.
The scorpion is heavily wounded.
You feel extremely sick. The scorpion stings you.
* * * LOW HITPOINT WARNING * * *
Unknown command.
You barely miss the scorpion.
The scorpion is heavily wounded.
You feel very sick. You block the scorpion's attack.
The scorpion barely misses you.
You hit the scorpion.
The scorpion is almost dead.
You feel very sick. The scorpion stings you.
* * * LOW HITPOINT WARNING * * *
You barely miss the scorpion.
The scorpion is almost dead.
You feel very sick. The scorpion stings you.
* * * LOW HITPOINT WARNING * * *
You are more poisoned.
The scorpion poisons you!
The scorpion stings you but does no damage.
You sock the scorpion!
You kill the scorpion!
You die...

....... >.....# ..
...............##.###
............[........
..........##.........
........##.........
#... ..##.........
.###...##.##.........
.......)...#)@.......
...........#)########
.............#####
........#........#####.
........#..............
........#.......######.
........#...)...))).#
........####)######.#
.... #.....##.######


There were no monsters in sight!

Vanquished Creatures
  Duvessa (D:4)
  An ogre (D:5)
  A centaur (D:4)
  A phantom (D:5)
  3 scorpions
  Dowan (D:4)
  An orc priest (D:5)
  2 hounds
  2 jellies (D:4)
  An iguana (D:4)
  2 orc wizards (D:3)
  3 gnolls (D:5)
  3 adders
  A worm (D:3)
  2 dart slugs
  11 orcs
  6 ball pythons
  5 endoplasms
  4 giant cockroaches
  8 goblins
  8 hobgoblins
  7 jackals (D:4)
  6 kobolds
  7 bats
  3 frilled lizards
  6 rats
96 creatures vanquished.

Notes
Turn   | Place    | Note
-------+----------+-------------------------------------------
     0 | D:1      | Dorkslayer the Troll Fighter began the quest for the Orb.
     0 | D:1      | Reached XP level 1. HP: 22/22 MP: 0/0
   137 | D:1      | Reached XP level 2. HP: 29/29 MP: 1/1
   632 | D:2      | Reached XP level 3. HP: 36/36 MP: 2/2
   916 | D:3      | Reached XP level 4. HP: 44/44 MP: 3/3
  1559 | D:3      | Reached XP level 5. HP: 53/53 MP: 4/4
  1767 | D:4      | Noticed a centaur
  1784 | D:4      | Killed a centaur
  1785 | D:4      | Reached XP level 6. HP: 41/62 MP: 5/5
  1804 | D:4      | Noticed Duvessa
  1813 | D:4      | Noticed Dowan
  1822 | D:4      | Killed Duvessa
  1823 | D:4      | Killed Dowan
  1965 | D:4      | Reached XP level 7. HP: 69/70 MP: 6/6
  2118 | D:5      | Entered Level 5 of the Dungeon
  2216 | D:5      | HP: 1/70 [gnoll/+0 spear (5)]
  2221 | D:5      | Reached skill level 1 in Evocations
  2344 | D:5      | HP: 3/68 [scorpion (4)]
  2345 | D:5      | Succumbed to a scorpion's poison

Illustrated notes

Levels and vault maps discovered:
D:1:      eino_arrival_druids_welcome, layout_basic, dk_noncrumbling_4
D:2:      layout_rooms
D:3:      layout_basic
D:4:      layout_cave_pools, amcnicky_mini_corridor_feature, uniq_duvessa
D:5:      minmay_general_purpose_star, layout_basic,
          nicolae_ru_sacrificial_ziggurat, nicolae_hepliaklqana_hippocampus

Skill      XL: |  1  2  3  4  5  6  7 |
---------------+----------------------+-----
Maces & Flails | 2 3 4 |  4.8
Shields        | 3 4 |  4.0
Dodging        | 3 4 |  4.3
Fighting       | 3 4 |  4.2
Evocations     | 1 |  1.3
Stealth        | |  0.2

Action                     |  1- 3 |  4- 6 |  7- 9 || total
---------------------------+-------+-------+-------++-------
  Melee: Flail             |   119 |   147 |   103 ||   369
  Throw: Javelin           |       |       |     2 ||     2
    Use: Scroll            |     1 |     1 |       ||     2
         Potion            |     5 |     1 |     3 ||     9
 Armour: Robe              |    73 |    58 |    26 ||   157
  Dodge: Dodged            |    60 |    65 |    55 ||   180
  Block: Kite shield       |    67 |    58 |    57 ||   182

Table legend: (Time is in decaauts)
 A = Elapsed time spent in this place.
 B = Non-inter-level travel time spent in this place.
 C = Inter-level travel time spent in this place.
 D = Time resting spent in this place.
 E = Time spent auto-exploring this place.
 F = Levels seen in this place.
 G = Mean time per level.
                   A        B        C        D        E       F      G
               +--------+--------+--------+--------+--------+-----+--------+
         Total |   2456 |   2456 |      0 |     36 |    647 |   5 |  491.2 |
       Dungeon |   2456 |   2456 |      0 |     36 |    647 |   5 |  491.2 |
               +--------+--------+--------+--------+--------+-----+--------+

Top non-repeatable levels by time:
     D:3: 740 daAuts
     D:4: 544 daAuts
     D:1: 483 daAuts
     D:2: 452 daAuts
     D:5: 236 daAuts
